BSA
MAUI TROPICS @ IRVINE GANG GREEN
07/25/2026
 
TOP OF THE 1ST
Maui Tropics batting - Pitching for Irvine Gang Green : LHP Masutaro Koyama
Pitching: LHP Masutaro Koyama
Batting: LHB Henry Huffman 0-0: Ball
1-0: Swinging Strike
1-1: Foul Ball, location: 2F
1-2: Strikes out swinging
Batting: RHB Eugene Gill 0-0: Called Strike
0-1: Swinging Strike
0-2: Fly out, F9 (Flyball, 9S)
Batting: RHB Ximena Campos 0-0: Ball
1-0: Foul Ball, location: 2F
1-1: Swinging Strike
1-2: Foul Ball, location: 2F
1-2: Ball
2-2: Strikes out looking
Top of the 1st over - 0 run(s), 0 hit(s), 0 error(s), 0 left on base; Maui 0 - Irvine 0
BOTTOM OF THE 1ST
Irvine Gang Green batting - Pitching for Maui Tropics : RHP Luis De Los Ángeles
Pitching: RHP Luis De Los Ángeles
Batting: LHB Bill Murphy 0-0: Called Strike
0-1: Foul Ball, location: 2F
0-2: Ball
1-2: Strikes out swinging
Batting: RHB Buck Jones 0-0: Ball
1-0: Ball
2-0: Foul Ball, location: 2F
2-1: Foul Ball, location: 2F
2-2: Foul Ball, location: 2F
2-2: Foul Ball, location: 2F
2-2: Ball
3-2: Fly out, F8 (Line Drive, 8LS)
Batting: LHB Jorge Martínez 0-0: Called Strike
0-1: Ball
1-1: Ball
2-1: Fly out, F6 (Popup, 78S)
Bottom of the 1st over - 0 run(s), 0 hit(s), 0 error(s), 0 left on base; Maui 0 - Irvine 0
TOP OF THE 2ND
Maui Tropics batting - Pitching for Irvine Gang Green : LHP Masutaro Koyama
Batting: RHB José Herrera 0-0: Ground out 5-3 (Groundball, 5L)
Batting: RHB José Rodríguez 0-0: Ball
1-0: SINGLE (Groundball, 56D)
Batting: RHB Jeff Packard 0-0: Ball
1-0: Ball
2-0: Ground out U3 (Groundball, 3S)
José Rodríguez to second
Batting: LHB Javier Espinoza 0-0: Ball
1-0: Swinging Strike
1-1: Ball
2-1: Ground out 1-3 (Groundball, 15S)
Top of the 2nd over - 0 run(s), 1 hit(s), 0 error(s), 1 left on base; Maui 0 - Irvine 0
BOTTOM OF THE 2ND
Irvine Gang Green batting - Pitching for Maui Tropics : RHP Luis De Los Ángeles
Batting: LHB Víctor Quiñones 0-0: Ball
1-0: Ball
2-0: Ball
3-0: Base on Balls
Batting: LHB Tom Baker 0-0: Ball
1-0: Swinging Strike
1-1: Foul Ball, location: 2F
1-2: Fielders Choice at 2nd, 3-6 (Groundball, 3)
Batting: RHB José Salazar 0-0: Called Strike
0-1: Swinging Strike
0-2: Fielders Choice at 2nd, 1-4 (Groundball, 15)
Batting: RHB Eichiro Yamamoto 0-0: Swinging Strike
0-1: Ball
1-1: Foul Ball, location: 2F
1-2: Ground out 1-3 (Groundball, 15)
Bottom of the 2nd over - 0 run(s), 0 hit(s), 0 error(s), 1 left on base; Maui 0 - Irvine 0
TOP OF THE 3RD
Maui Tropics batting - Pitching for Irvine Gang Green : LHP Masutaro Koyama
Batting: RHB Matt Silver 0-0: Bunt for hit - play at first, batter OUT! 5-3
Batting: LHB Luis Antonio Torres 0-0: Called Strike
0-1: Fly out, F2 (Popup, 2LF)
Batting: LHB Henry Huffman 0-0: Called Strike
0-1: Ball
1-1: Ground out 3-1 (Groundball, 34S)
Top of the 3rd over - 0 run(s), 0 hit(s), 0 error(s), 0 left on base; Maui 0 - Irvine 0
BOTTOM OF THE 3RD
Irvine Gang Green batting - Pitching for Maui Tropics : RHP Luis De Los Ángeles
Batting: RHB Tom Doherty 0-0: Ball
1-0: Ball
2-0: Ball
3-0: Called Strike
3-1: SINGLE (Groundball, 56D)
Batting: RHB Manny Copriviza 0-0: Ball
1-0: Foul Ball, location: 2F
1-1: Called Strike
1-2: Ball
2-2: Foul Ball, location: 2F
2-2: SINGLE (Line Drive, 56D)
Tom Doherty to second
Batting: LHB Bill Murphy 0-0: Ball
1-0: Called Strike
1-1: Foul Ball, location: 2F
1-2: Ball
2-2: Fly out, F7 (Popup, 6D)
Batting: RHB Buck Jones 0-0: Ball
1-0: Ball
2-0: Foul Ball, location: 2F
2-1: Called Strike
2-2: Foul Ball, location: 2F
2-2: Foul Ball, location: 2F
2-2: Ball
3-2: Foul Ball, location: 2F
3-2: 3-RUN HOME RUN (Flyball, 7D), Distance : 426 ft
Batting: LHB Jorge Martínez 0-0: Ball
1-0: Called Strike
1-1: Foul Ball, location: 2F
1-2: Ball
2-2: Ball
3-2: Ground out 1-3 (Groundball, 23)
Batting: LHB Víctor Quiñones 0-0: Ball
1-0: Ball
2-0: Ball
3-0: Called Strike
3-1: Base on Balls
Batting: LHB Tom Baker 0-0: Ball
1-0: Fly out, F8 (Flyball, 8LM)
Bottom of the 3rd over - 3 run(s), 3 hit(s), 0 error(s), 1 left on base; Maui 0 - Irvine 3
TOP OF THE 4TH
Maui Tropics batting - Pitching for Irvine Gang Green : LHP Masutaro Koyama
Batting: RHB Eugene Gill 0-0: Called Strike
0-1: Foul Ball, location: 2F
0-2: Strikes out swinging
Batting: RHB Ximena Campos 0-0: Swinging Strike
0-1: Swinging Strike
0-2: Strikes out looking
Batting: RHB José Herrera 0-0: Ball
1-0: Ball
2-0: DOUBLE (Flyball, 89D)
Batting: RHB José Rodríguez 0-0: Called Strike
0-1: Called Strike
0-2: Foul Ball, location: 2F
0-2: Ball
1-2: Foul Ball, location: 2F
1-2: Ball
2-2: Foul Ball, location: 2F
2-2: Strikes out swinging
Top of the 4th over - 0 run(s), 1 hit(s), 0 error(s), 1 left on base; Maui 0 - Irvine 3
BOTTOM OF THE 4TH
Irvine Gang Green batting - Pitching for Maui Tropics : RHP Luis De Los Ángeles
Batting: RHB José Salazar 0-0: Called Strike
0-1: Swinging Strike
0-2: Ball
1-2: Foul Ball, location: 2F
1-2: Ground out 6-3 (Groundball, 6M)
Batting: RHB Eichiro Yamamoto 0-0: Foul Ball, location: 2F
0-1: Ball
1-1: Fly out, F4 (Popup, 4)
Batting: RHB Tom Doherty 0-0: Ball
1-0: Ball
2-0: Ground out 6-3 (Groundball, 56)
Bottom of the 4th over - 0 run(s), 0 hit(s), 0 error(s), 0 left on base; Maui 0 - Irvine 3
TOP OF THE 5TH
Maui Tropics batting - Pitching for Irvine Gang Green : LHP Masutaro Koyama
Batting: RHB Jeff Packard 0-0: Ball
1-0: Fly out, F4 (Popup, 4MD)
Batting: LHB Javier Espinoza 0-0: Called Strike
0-1: Foul Ball, location: 2F
0-2: Ball
1-2: Foul Ball, location: 2F
1-2: Strikes out swinging
Batting: RHB Matt Silver 0-0: Ball
1-0: Called Strike
1-1: Ball
2-1: Bunt for hit - play at first, batter OUT! 5-3
Top of the 5th over - 0 run(s), 0 hit(s), 0 error(s), 0 left on base; Maui 0 - Irvine 3
BOTTOM OF THE 5TH
Irvine Gang Green batting - Pitching for Maui Tropics : RHP Luis De Los Ángeles
Batting: RHB Manny Copriviza 0-0: Called Strike
0-1: DOUBLE (Line Drive, 7LM)
Batting: LHB Bill Murphy 0-0: Ball
1-0: Ball
2-0: Ball
3-0: Called Strike
3-1: Foul Ball, location: 2F
3-2: SINGLE (Flyball, 6MD)
Manny Copriviza to third
Batting: RHB Buck Jones 0-0: Ball
1-0: Foul Ball, location: 2F
1-1: Ball
2-1: Ground out 6-3 (Groundball, 6S)
Bill Murphy to second
Batting: LHB Jorge Martínez 0-0: Ball
Wild Pitch!
Manny Copriviza scores
Bill Murphy to third
1-0: Called Strike
1-1: Foul Ball, location: 2F
1-2: Fly out, F3 (Popup, 3F)
Batting: LHB Víctor Quiñones 0-0: Foul Ball, location: 2F
0-1: Ball
1-1: Ground out 4-3 (Groundball, 4)
Bottom of the 5th over - 1 run(s), 2 hit(s), 0 error(s), 1 left on base; Maui 0 - Irvine 4
TOP OF THE 6TH
Maui Tropics batting - Pitching for Irvine Gang Green : LHP Masutaro Koyama
Batting: LHB Luis Antonio Torres 0-0: Ball
1-0: Ball
2-0: Ground out 4-3 (Groundball, 4)
Batting: LHB Henry Huffman 0-0: Called Strike
0-1: Swinging Strike
0-2: Strikes out swinging
Batting: RHB Eugene Gill 0-0: Ball
1-0: Swinging Strike
1-1: Foul Ball, location: 2F
1-2: Ground out 5-3 (Groundball, 5S)
Top of the 6th over - 0 run(s), 0 hit(s), 0 error(s), 0 left on base; Maui 0 - Irvine 4
BOTTOM OF THE 6TH
Irvine Gang Green batting - Pitching for Maui Tropics : RHP Luis De Los Ángeles
Pitching: LHP Mark Stewart
Batting: LHB Tom Baker 0-0: Swinging Strike
0-1: Ball
1-1: Foul Ball, location: 2F
1-2: Foul Ball, location: 2F
1-2: Ball
2-2: SINGLE (Groundball, 34D)
Batting: RHB José Salazar 0-0: Swinging Strike
0-1: Ball
1-1: Foul Ball, location: 2F
1-2: Ball
2-2: Ball
3-2: SINGLE (Groundball, 15) (infield hit)
Tom Baker to second
Batting: RHB Eichiro Yamamoto 0-0: Called Strike
0-1: Called Strike
0-2: Ball
1-2: Fly out, F8 (Flyball, 8RM)
Batting: RHB Tom Doherty 0-0: Swinging Strike
0-1: Ball
1-1: Fly out, F9 (Line Drive, 89M)
Batting: RHB Manny Copriviza 0-0: Called Strike
0-1: Foul Ball, location: 2F
0-2: Ball
1-2: DOUBLE (Line Drive, 8LXD)
Tom Baker scores
José Salazar to third
Runner from 3rd tries for Home, SAFE, no throw or cutoff
Batting: LHB Bill Murphy 0-0: Foul Ball, location: 2F
0-1: Called Strike
0-2: Ball
1-2: Ball
2-2: Ball
3-2: Fly out, F8 (Flyball, 8RXD)
Bottom of the 6th over - 2 run(s), 3 hit(s), 0 error(s), 1 left on base; Maui 0 - Irvine 6
TOP OF THE 7TH
Maui Tropics batting - Pitching for Irvine Gang Green : LHP Masutaro Koyama
Batting: RHB Ximena Campos 0-0: Ground out 6-3 (Groundball, 6M)
Batting: RHB José Herrera 0-0: Called Strike
0-1: Ball
1-1: Foul Ball, location: 2F
1-2: Strikes out looking
Batting: RHB José Rodríguez 0-0: Ball
1-0: Ball
2-0: Foul Ball, location: 2F
2-1: SINGLE (Groundball, 56D)
Batting: RHB Jeff Packard 0-0: Fly out, F4 (Popup, 4D)
Top of the 7th over - 0 run(s), 1 hit(s), 0 error(s), 1 left on base; Maui 0 - Irvine 6
BOTTOM OF THE 7TH
Irvine Gang Green batting - Pitching for Maui Tropics : LHP Mark Stewart
Batting: RHB Buck Jones 0-0: Called Strike
0-1: Foul Ball, location: 2F
0-2: Ball
1-2: Ball
2-2: Ground out 6-3 (Groundball, 6)
Batting: LHB Jorge Martínez 0-0: Called Strike
0-1: Foul Ball, location: 2F
0-2: Ball
1-2: Foul Ball, location: 2F
1-2: Foul Ball, location: 2F
1-2: Ball
2-2: Foul Ball, location: 2F
2-2: Ball
3-2: Fly out, F7 (Flyball, 7LD)
Batting: LHB Víctor Quiñones 0-0: Ball
1-0: Ball
2-0: Swinging Strike
2-1: Ball
3-1: Foul Ball, location: 2F
3-2: Strikes out looking
Bottom of the 7th over - 0 run(s), 0 hit(s), 0 error(s), 0 left on base; Maui 0 - Irvine 6
TOP OF THE 8TH
Maui Tropics batting - Pitching for Irvine Gang Green : LHP Masutaro Koyama
Batting: LHB Javier Espinoza 0-0: Ball
1-0: SINGLE (Line Drive, 6M)
Batting: RHB Matt Silver 0-0: Ball
1-0: Grounds into double play, 5-4-3 (Groundball, 5)
Batting: LHB Luis Antonio Torres 0-0: Swinging Strike
0-1: Foul Ball, location: 2F
0-2: Fly out, F7 (Flyball, 78M)
Top of the 8th over - 0 run(s), 1 hit(s), 0 error(s), 0 left on base; Maui 0 - Irvine 6
BOTTOM OF THE 8TH
Irvine Gang Green batting - Pitching for Maui Tropics : LHP Mark Stewart
Batting: LHB Tom Baker 0-0: Ball
1-0: Called Strike
1-1: Swinging Strike
1-2: Foul Ball, location: 2F
1-2: Ball
2-2: SINGLE (Groundball, 34) (infield hit)
Pitching: RHP Brandon Mitchell
Batting: RHB José Salazar 0-0: Ball
1-0: Ball
2-0: Ball
3-0: Called Strike
3-1: Swinging Strike
3-2: Strikes out looking
Tom Baker steals 2nd base
Batter strikes out.
Batting: RHB Eichiro Yamamoto 0-0: Ball
1-0: Ground out 5-3 (Groundball, 5)
Batting: RHB Tom Doherty 0-0: Ball
1-0: Ball
2-0: Ball
3-0: Called Strike
3-1: Base on Balls
Batting: RHB Manny Copriviza 0-0: 3-RUN HOME RUN (Flyball, 7D), Distance : 410 ft
Batting: LHB Bill Murphy 0-0: Foul Ball, location: 2F
0-1: Ball
1-1: Foul Ball, location: 2F
1-2: Ball
2-2: Foul Ball, location: 2F
2-2: Ball
3-2: Foul Ball, location: 2F
3-2: Foul Ball, location: 2F
3-2: Foul Ball, location: 2F
3-2: Foul Ball, location: 2F
3-2: Base on Balls
Batting: RHB Buck Jones 0-0: Ball
1-0: Called Strike
1-1: Called Strike
Bill Murphy steals 2nd base
1-2: Ball
2-2: Fly out, F8 (Flyball, 8LS)
Bottom of the 8th over - 3 run(s), 2 hit(s), 0 error(s), 1 left on base; Maui 0 - Irvine 9
TOP OF THE 9TH
Maui Tropics batting - Pitching for Irvine Gang Green : LHP Masutaro Koyama
Now at SS: Aaron Wilson
Now in LF: Enrique Valentín
Batting: LHB Henry Huffman 0-0: Ball
1-0: Ball
2-0: Called Strike
2-1: Ball
3-1: Foul Ball, location: 2F
3-2: Fly out, F8 (Flyball, 8LXD)
Batting: RHB Eugene Gill 0-0: Called Strike
0-1: Ball
1-1: Called Strike
1-2: Strikes out swinging
Batting: RHB Ximena Campos 0-0: Ground out 6-3 (Groundball, 6)
Top of the 9th over - 0 run(s), 0 hit(s), 0 error(s), 0 left on base; Maui 0 - Irvine 9
Monday, December 5th, 2016 - OOTP Baseball 17.12 Build 75